 Dungeon Crawl Stone Soup version 0.31.0-12-g77e489cdc1 (webtiles) character file.

Game seed: 15595819835510295820

8 Silvore the Trooper (level 2, 0/24 HPs)
             Began as a Demonspawn Fighter on Feb 12, 2024.
             Succumbed to an adder's poison
             ... on level 2 of the Dungeon.
             The game lasted 00:00:32 (697 turns).

Silvore the Trooper (Demonspawn Fighter)             Turns: 697, Time: 00:00:32

Health: 0/24       AC:  6    Str: 16    XL:     2   Next: 0%
Magic:  2/2        EV:  8    Int:  8    God:
Gold:   70         SH:  4    Dex: 12    Spells: 1/1 levels left

rFire   . . .        a - +0 long sword
rCold   . . .        c - +0 buckler
rNeg    . . .        b - +0 scale mail
rPois   .            (no helmet)
rElec   .            (no cloak)
rCorr   .            (no gloves)
SInv    .            (no boots)
Will    .....        (no amulet) Stlth
                     (no ring)
HPRegen 0.24/turn    (no ring)
MPRegen 0.08/turn

%: no passive effects
@: lethally poisoned (0 -> -4)
A: demonic touch 1
a: no special abilities


You were on level 2 of the Dungeon.
You visited 1 branch of the dungeon, and saw 2 of its levels.

You collected 70 gold pieces.

Inventory:

Hand Weapons
 a - a +0 long sword (weapon)
Armour
 b - a +0 scale mail (worn)
 c - a +0 buckler (worn)
Scrolls
 e - 2 scrolls of identify {unknown}
 i - a scroll of blinking {unknown}
 j - a scroll of vulnerability {unknown}
Potions
 d - 2 potions of might
 f - a potion of lignification {unknown}
 g - a potion of brilliance {unknown}
 h - a potion of ambrosia {unknown}


   Skills:
 + Level 3.2 Fighting
 + Level 1.8 Long Blades
 + Level 2.8 Armour
 + Level 2.8 Shields


You had one spell level left.
You didn't know any spells.
Your spell library was empty.

Dungeon Overview and Level Annotations

Branches:
Dungeon (2/15)

Altars:


Innate Abilities, Weirdness & Mutations

Your touch may inflict minor irresistible damage on your foes.


Message History

The frilled lizard hisses angrily.
The adder bites you but does no damage. You block the adder's attack.
The adder bites you.
You are poisoned.
The adder poisons you! The adder bites you.
You feel sick. The adder barely misses you.
You feel sick. You block the adder's attack.
You feel sick. The adder bites you but does no damage.
You block the adder's attack.
You feel sick. You block the adder's attack.
You feel sick.
You are no longer poisoned.
The adder barely misses you. The adder bites you but does no damage.
You block the adder's attack. The adder bites you. The adder barely misses you.
The adder barely misses you.
The adder bites you but does no damage. x2
The adder misses you. The adder bites you but does no damage.
The adder closely misses you. The adder bites you but does no damage.
The adder barely misses you. You block the adder's attack.
You block the adder's attack. The adder barely misses you.
The adder barely misses you. The adder bites you.
You are poisoned.
The adder poisons you!
You feel sick. The adder bites you but does no damage.
You feel sick. The adder bites you.
* * * LOW HITPOINT WARNING * * *
You are lethally poisoned!
The adder poisons you! The adder bites you.
* * * LOW HITPOINT WARNING * * *
* * * LOW HITPOINT WARNING * * *
You feel sick. The adder closely misses you.
* * * LOW HITPOINT WARNING * * *
You feel sick. The adder bites you but does no damage.
You die...

#. #. #.
#. #.
.######
###.
.......
#...
#..S######
#.##
+^..@...>#
#######.##
#...####.#
..........
#... #.#
#######.##
#... #.#
#.# ####
#.# #.#
#.# #.#
#.# #.#
#.# #.#
#.# #.#


You could see an adder.

Vanquished Creatures
  2 bats (D:1)
  An endoplasm (D:1)
  3 kobolds (D:1)
  2 ball pythons (D:1)
8 creatures vanquished.

Notes
Turn   | Place    | Note
-------+----------+-------------------------------------------
     0 | D:1      | Silvore the Demonspawn Fighter began the quest for the Orb.
     0 | D:1      | Reached XP level 1. HP: 18/18 MP: 1/1
   439 | D:1      | Gained mutation: Your touch may inflict minor irresistible
                  | damage on your foes. [demonic ancestry]
   439 | D:1      | Reached XP level 2. HP: 24/24 MP: 2/2
   696 | D:2      | HP: 1/24 [poisoned by an adder]
   697 | D:2      | Succumbed to an adder's poison

Illustrated notes

Levels and vault maps discovered:
D:1:      amcnicky_arrival_gap_in_the_tavern_cellar, layout_basic,
          chequers_jeans
D:2:      layout_basic, st_stairs_7

Action                     || total
---------------------------++-------
  Melee: Long sword        ||    24
 Armour: Scale mail        ||    37
  Dodge: Dodged            ||    28
  Block: Buckler           ||    12
